 Dungeon Crawl Stone Soup version 0.30-a0-1053-gbd8d5ba0ad (webtiles) character file.

Game seed: 17760643773684813619

1629637 Zeldest the Maledictor (level 27, 201/201 HPs)
             Began as a Merfolk Warper on Apr 12, 2023.
             Was a High Priest of Hepliaklqana.
             Escaped with the Orb
             ... and 3 runes!
             The game lasted 03:18:27 (76164 turns).

Zeldest the Maledictor (Merfolk Warper)            Turns: 76164, Time: 03:18:27

Health: 201/201    AC: 31    Str: 30    XL:     27
Magic:  37/37      EV: 17    Int: 17    God:    Hepliaklqana [*****.]
Gold:   151        SH: 22    Dex: 18    Spells: 10/42 levels left

rFire   + + +      SeeInvis +    b - +2 trishula (holy)
rCold   + + +      Faith    .    t - +2 shield of Resistance {rF++ rC++ Will++}
rNeg    . . .      Spirit   .    R - +10 plate armour of Free Will {Fly rElec Str+3 Slay+2}
rPois   +          Reflect  +    s - +2 hat of Hiughaz {SInv}
rElec   +          Rampage  .    d - +1 cloak of Atuxasta {rPois rF+}
rCorr   +                        D - +2 pair of gloves {Dex+3}
Will    +++++                    e - +1 pair of boots "Trusted Companion" {rF+} Stlth
                                 f - amulet of reflection
HPRegen 0.53/turn                P - ring "Lanoc" {Ice Str+4 Int+3}
MPRegen 0.25/turn                I - ring of Daoviph {Wiz Will+ rCorr Str+3}

@: flying
A: reduced essence, (nimble swimmer 2), mertail, cold resistance 1, deformed
body, dopey 1, passive freeze
0: Orb of Zot
}: 3/15 runes: serpentine, barnacled, abyssal
a: Renounce Religion, Recall Ancestor, Ancestor Identity, Transference, Idealise


You escaped.
You worshipped Hepliaklqana.
Hepliaklqana was extremely pleased with you.
You visited 9 branches of the dungeon, and saw 46 of its levels.
You visited the Abyss 4 times.
You visited 2 bazaars.
You also visited: Ossuary, Volcano and Desolation.

You collected 6457 gold pieces.
You spent 6306 gold pieces at shops.

Inventory:

Hand Weapons
 a - a +9 vampiric demon trident
 b - a +2 trishula of holy wrath (weapon)
 w - the +5 demon whip "Spellbinder" {antimagic, disrupt, Will+}
   (You bought it in a shop on level 1 of the Elven Halls)

   Will:      It increases your willpower.
Missiles
 l - 11 throwing nets
Armour
 d - the +1 cloak of Atuxasta (worn) {rPois rF+}
   (You found it on level 4 of the Shoals)

   rF:        It protects you from fire.
   rPois:     It protects you from poison.
 e - the +1 pair of boots "Trusted Companion" (worn) {rF+}
   (You found it on level 4 of the Lair of Beasts)

   rF:        It protects you from fire.
 s - the +2 hat of Hiughaz (worn) {SInv}
   (You acquired it on level 3 of the Elven Halls)

   SInv:      It lets you see invisible.
 t - the +2 shield of Resistance (worn) {rF++ rC++ Will++}
   (You found it on level 3 of the Elven Halls)

   rF:        It greatly protects you from fire.
   rC:        It greatly protects you from cold.
   Will:      It greatly increases your willpower.
 D - a +2 pair of gloves of dexterity (worn)
 R - the +10 plate armour of Free Will (worn) {Fly rElec Str+3 Slay+2}
   (You bought it in a shop on level 1 of the Vaults)

   Str:       It affects your strength (+3).
   Slay:      It affects your accuracy & damage with ranged weapons and melee
   (+2).
   rElec:     It insulates you from electricity.
   Fly:       It grants you flight.
Jewellery
 f - an amulet of reflection (around neck)
 h - a ring of poison resistance
 I - the ring of Daoviph (right hand) {Wiz Will+ rCorr Str+3}
   (You found it in the Desolation of Salt)

   [ring of wizardry]

   It improves your spell success rate.
   Str:       It affects your strength (+3).
   rCorr:     It protects you from acid and corrosion.
   Will:      It increases your willpower.
 P - the ring "Lanoc" (left hand) {Ice Str+4 Int+3}
   (You found it in the Desolation of Salt)

   [ring of ice]

   It enhances your ice magic.
   Str:       It affects your strength (+4).
   Int:       It affects your intelligence (+3).
   rF:        It makes you vulnerable to fire.
   rC:        It protects you from cold.
 X - the ring of Cheibriados's Pride {Fly rElec rN+ MP-9 Dex+2}
   (You acquired it on level 12 of the Dungeon)

   [ring of flight]

   Dex:       It affects your dexterity (+2).
   rElec:     It insulates you from electricity.
   rN:        It protects you from negative energy.
   MP:        It affects your magic capacity (-9).
   Fly:       It grants you flight.
Wands
 c - a wand of digging (2)
 u - a wand of light (4)
 B - a wand of paralysis (31)
Scrolls
 g - 16 scrolls of teleportation
 j - 7 scrolls of fear
 n - a scroll of magic mapping
 r - 7 scrolls of poison
 x - 13 scrolls of immolation
 y - 12 scrolls of fog
 C - a scroll of amnesia
 E - a scroll of blinking
 G - 9 scrolls of vulnerability
 H - a scroll of brand weapon
 M - 3 scrolls of butterflies
 O - 6 scrolls of silence
 V - 14 scrolls of noise
 Z - 3 scrolls of enchant armour
Potions
 k - 10 potions of brilliance
 m - 8 potions of might
 o - 4 potions of resistance
 p - 7 potions of ambrosia
 q - 2 potions of mutation
 v - 6 potions of flight
 z - 3 potions of magic
 A - 8 potions of attraction
 J - a potion of invisibility
 K - a potion of berserk rage
 L - 20 potions of curing
 N - 8 potions of lignification
 S - 5 potions of cancellation
 U - 5 potions of haste
 Y - 5 potions of heal wounds
Miscellaneous
 i - a condenser vane
 F - a phial of floods
 Q - a phantom mirror


   Skills:
 + Level 20.0 Fighting
 - Level 12.0 Maces & Flails
 - Level 14.0 Polearms
 - Level 1.0 Throwing
 + Level 12.1 Armour
 + Level 17.9 Dodging
 + Level 18.7 Shields
 - Level 8.0 Spellcasting
 - Level 22.0 Hexes
 - Level 18.1 Translocations
 - Level 7.3 Poison Magic
 - Level 20.4 Invocations


You had 10 spell levels left.
You knew the following spells:

 Your Spells              Type           Power      Damage    Failure   Level
a - Blink                 Tloc           100%       N/A       1%          2
b - Dispersal             Tloc           31%        N/A       3%          6
c - Apportation           Tloc           100%       N/A       1%          1
d - Disjunction           Tloc           31%        N/A       80%         8
e - Discord               Hex            34%        N/A       30%         8
f - Enfeeble              Hex            34%        N/A       4%          7

Your spell library contained the following spells:

 Spells                   Type           Power      Damage    Failure   Level
 Slow                     Hex            100%       N/A       0%          1
 Ensorcelled Hibernation  Hex/Ice        100%       N/A       1%          2
 Lesser Beckoning         Tloc           100%       N/A       1%          2
 Confusing Touch          Hex            69%        N/A       1%          3
 Dazzling Flash           Conj/Hex       88%        N/A       1%          3
 Gell's Gravitas          Tloc           62%        N/A       1%          3
 Inner Flame              Hex/Fire       44%        N/A       1%          3
 Summon Guardian Golem    Hex/Summ       44%        N/A       1%          3
 Teleport Other           Tloc           62%        N/A       1%          3
 Cause Fear               Hex            34%        N/A       1%          4
 Manifold Assault         Tloc           62%        N/A       1%          4
 Vhi's Electric Charge    Tloc/Air       74%        N/A       3%          3
 Volatile Blastmotes      Fire/Tloc      74%        2d16      3%          3
 Anguish                  Hex/Necr       22%        N/A       4%          4
 Fulminant Prism          Conj/Hex       22%        3d12      4%          4
 Sting                    Tmut/Pois      76%        1d6       9%          1
 Iskenderun's Mystic Bla  Conj/Tloc      37%        2d9       10%         4
 Summon Mana Viper        Hex/Summ       44%        N/A       12%         5
 Yara's Violent Unravell  Hex/Tmut       22%        3d10      12%         5
 Poisonous Vapours        Pois/Air       38%        N/A       13%         2
 Olgreb's Toxic Radiance  Pois           31%        N/A       19%         4
 Spider Form              Tmut/Pois      19%        N/A       26%         3
 Summon Forest            Summ/Tloc      18%        N/A       26%         5
 Freeze                   Ice            40%        1d6       36%         1
 Kiss of Death            Conj/Necr      24%        2d7       36%         1
 Necrotise                Necr           24%        1d5       36%         1
 Sandblast                Erth           12%        2d6       36%         1
 Summon Small Mammal      Summ           24%        N/A       36%         1
 Ignite Poison            Fire/Tmut/Pois 15%        N/A       38%         3
 Passwall                 Tmut/Erth      5%         N/A       50%         2
 Static Discharge         Conj/Air       12%        2-3/arc   50%         2
 Sublimation of Blood     Necr           6%         N/A       50%         2
 Wereblood                Tmut           6%         N/A       50%         2
 Frozen Ramparts          Ice            20%        1d4       71%         3
 Hailstorm                Conj/Ice       10%        3d5       71%         3
 Stone Arrow              Conj/Erth      12%        3d7       71%         3
 Vampiric Draining        Necr           6%         2d6       71%         3
 Alistair's Intoxication  Tmut/Pois      12%        N/A       91%         5
 Airstrike                Air            3%         2d(1-17)  98%         4
 Animate Armour           Summ/Erth      12%        N/A       98%         4
 Animate Dead             Necr           6%         N/A       98%         4
 Dispel Undead            Necr           6%         3d8       98%         4
 Flame Wave               Conj/Fire      6%         2d5       98%         4
 Ice Form                 Ice/Tmut       10%        N/A       98%         4
 Petrify                  Tmut/Erth      6%         N/A       98%         4
 Sticky Flame             Conj/Fire      6%         2d3       98%         4
 Summon Ice Beast         Ice/Summ       10%        N/A       98%         4
 Summon Lightning Spire   Summ/Air       6%         N/A       98%         4
 Arcjolt                  Conj/Air       3%         1d13      100%        5
 Borgnjor's Vile Clutch   Necr/Erth      3%         N/A       100%        5
 Lee's Rapid Deconstruct  Erth           3%         3d5*      100%        5
 Death Channel            Necr           3%         N/A       100%        6
 Eringya's Noxious Bog    Tmut/Pois      9%         N/A       100%        6
 Simulacrum               Ice/Necr       5%         N/A       100%        6
 Starburst                Conj/Fire      3%         6d3       100%        6
 Statue Form              Tmut/Erth      4%         N/A       100%        6
 Dragon Form              Tmut           3%         N/A       100%        7
 Monstrous Menagerie      Summ           3%         N/A       100%        7
 Orb of Destruction       Conj           3%         9d5       100%        7
 Ozocubu's Refrigeration  Ice            5%         4d8       100%        7
 Spellforged Servitor     Conj/Summ      3%         N/A       100%        7
 Summon Hydra             Summ           3%         N/A       100%        7
 Ignition                 Fire           3%         3d4       100%        8
 Maxwell's Capacitive Co  Air            3%         ∞         100%        8
 Chain Lightning          Conj/Air       3%         3d4       100%        9
 Fire Storm               Conj/Fire      3%         8d1       100%        9
 Polar Vortex             Ice            5%         N/A       100%        9
 Shatter                  Erth           3%         3d7*      100%        9


Dungeon Overview and Level Annotations

Branches:
Dungeon (15/15)            Temple (0/1) D:7            Lair (5/5) D:9
 Shoals (4/4) Lair:2        Snake (4/4) Lair:2        Slime (0/5) Lair:5
    Orc (2/2) D:9             Elf (3/3) Orc:2        Vaults (4/5) D:13
  Crypt (0/3) Vaults:2     Depths (4/4) D:15            Zot (5/5) Depths:4
Ossuary (visited)         Volcano (visited)         Desolation (visited)

Altars:
Ashenzari
Dithmenos
Fedhas
Hepliaklqana
Kikubaaqudgha
Makhleb
Qazlal
Ru
Sif Muna
Trog
Vehumet
Yredelemnul
Jiyva

Shops:
D:6 ?[=(   Orc:2 ![[!   Elf:1 *[(   Shoals:2 *   Shoals:3 *(   Shoals:4 ?
Snake:2 ?=   Vaults:1 [   Vaults:2 (   Vaults:3 *   Depths:1 *

Portals:
Hell: Depths:1 Depths:2 Depths:3 Depths:4
Abyss: Depths:2 Depths:3
Pandemonium: Depths:2
Ziggurat: Depths:3
Trove: D:15 (give +6 demon whip)

Annotations:
Lair:4 2 transporters, cforsyth's ghost, journeyman OpSu
Shoals:1 3 runed translucent doors, Hoelubiu's ghost, adept AtFi
Shoals:2 3 runed translucent doors, Ceuduph's ghost, adept AtWn; Luutwy's ghost, adept MiBe; Mungiw's ghost, adept MiBe; Sobbokih's ghost, journeyman FeWn
Orc:2 1 runed translucent door, SingularityParadox's ghost, journeyman DrBe
Elf:2 6 runed translucent doors, roninjake's ghost, adept GnCj
Zot:2 3 runed translucent doors, Zaeh's ghost, veteran TrTm
Zot:5 2 exclusions


Innate Abilities, Weirdness & Mutations

Your life essence is reduced to manifest your ancestor. (-10% HP)
((You are very nimble when in or above water. (Stealth+, EV+, Speed+++)))
Your lower body shifts to a powerful aquatic tail in water.
Your flesh is cold resistant. (rC+)
Armour fits poorly on your strangely shaped body.
You are dopey. (Int -2)
A frigid envelope surrounds you and freezes all who hurt you.


Message History

A demonspawn corrupter comes into view.
It is wielding a +0 demon trident of electrocution.
Gaius is recalled.
Gaius gestures wildly while chanting.
Gaius seems to speed up.
A shadow demon comes into view.
Things that are here:
5 stones; a +0 club; a kobold skeleton The demonspawn corrupter calls forth creatures from the Realm of Zot!
Gaius hits the demonspawn corrupter with a +0 broad axe of speed!
The demonspawn corrupter blocks Gaius's attack. x2
There is a stone staircase leading up here.
You can't go down here!
You fly upwards.
There is a stone staircase leading down here.
A hellwing comes into view.
The hellwing swoops through the air toward you!
You block the hellwing's attack. x2
There is a stone staircase leading up here.
You impale the hellwing!!
The hellwing convulses!
The hellwing is severely wounded.
You puncture the hellwing!
The hellwing convulses.
The hellwing is almost dead.
You block the hellwing's attack. The hellwing barely misses you.
You hit the hellwing.
You kill the hellwing!
You fly upwards.
There is a stone staircase leading down here.
Gaius is recalled.
Magic restored.
There is a shaft here.
A cherub comes into view.
It is wielding a +0 falchion of flaming.
There is a staircase leading out of the dungeon here.
Gaius mumbles some strange words.
Gaius seems to speed up.
The cherub unwields a +0 falchion of flaming.
It stops flaming.
The cherub wields a +0 sling.
The cherub shoots a sling bullet.
Gaius reflects the sling bullet off their +0 tower shield of reflection!
The sling bullet hits the cherub!
You have escaped!

...#.#.#.## #..#
#.##...#..# #..#
.....#.#.## #..# ###.##...#
#..# .......#.## #..#####
#.###.##..# #......#
.........####
########.#.#.#
###.###.##..#
#............#
#######.....#
#.@..........#
............#
#..#######...#
#######.....#
#..##...##...# #.....#
#.R'.###.'...#
###.#####..#.#§'.#..## #.#
#....#.###.#..# #.#
#.#..##...##..#
###.###.#.A#######..#
#######...................#


You could see the friendly Gaius the knight (fast, reflecting) and a cherub
(ally target).

Vanquished Creatures
  A pandemonium lord (Zot:1)
  2 ancient liches (Zot:5)
  Mennas (Vaults:4)
  3 orbs of fire (Zot:5)
  A juggernaut (Depths:3)
  2 Killer Klowns (Zot:5)
  Frederick (Vaults:4)
  Bai Suzhen (Vaults:2)
  Margery (Vaults:4)
  2 curse toes
  6 golden dragons
  Nikola (Elf:3)
  4 electric golems
  2 bone dragons
  Jorgrun (Elf:2)
  A hellephant (D:9)
  2 deep elf blademasters (Elf:3)
  19 Orb Guardians
  5 tentacled monstrosities
  4 liches
  3 quicksilver dragons
  A deep elf master archer (Elf:3)
  2 titans
  6 death cobs
  3 tentacled starspawn
  3 sphinxes
  2 tengu reavers
  10 storm dragons
  Donald (Vaults:4)
  Roxanne (Snake:2)
  5 shadow dragons
  4 draconian knights
  4 draconian monks
  A daeva (Abyss:1)
  4 nagarajas
  6 fire giants
  6 frost giants
  Aizul (Orc:2)
  3 imperial myrmidons (Desolation)
  An iron dragon (Vaults:4)
  8 draconian stormcallers
  6 draconian scorchers
  3 ghost moths
  A balrug (Depths:2)
  12 vault wardens
  Louise (Depths:2)
  3 draconian shifters
  12 ironbound preservers
  4 orc warlords
  3 draconian annihilators
  3 spriggan defenders
  5 stone giants
  2 reapers
  2 deep elf elementalists (Elf:3)
  5 very ugly things
  2 ironbound thunderhulks
  7 green draconians
  3 vampire knights
  9 black draconians
  11 purple draconians
  2 deep elf demonologists
  4 spark wasps (Depths:3)
  8 deep elf annihilators
  6 yellow draconians
  11 white draconians
  9 red draconians
  11 dire elephants
  A halazid warlock (Desolation)
  Snorg (D:14)
  3 deep elf death magi
  An eidolon (Abyss:2)
  A green death (Abyss:4)
  6 merfolk impalers
  A crystal guardian (Abyss:2)
  3 merfolk javelineers
  4 fire dragons
  7 ettins
  4 ragged hierophants (Desolation)
  3 great orbs of eyes
  A deep elf high priest (Elf:3)
  6 yaktaur captains
  3 vault guards
  2 entropy weavers
  A salamander tyrant (Snake:4)
  6 ice dragons
  4 peacekeepers
  5 rakshasas
  2 hydras
  A catoblepas (Lair:4)
  5 spriggan air magi
  11 centaur warriors
  A hell beast (D:10)
  2 merfolk avatars
  3 ogre magi
  9 anacondas
  An alligator snapping turtle (Shoals:3)
  2 merfolk aquamancers
  4 servants of whispers (Desolation)
  6 ironbound frosthearts
  18 dancing weapons
  A vampire mage (D:15)
  8 death yaks
  4 two-headed ogres
  A satyr (Shoals:4)
  3 tengu warriors
  3 naga warriors
  8 boulder beetles
  3 deep troll shamans
  4 hell hogs (Depths:1)
  4 naga sharpshooters
  3 spriggan berserkers (Depths:3)
  3 deep troll earth magi
  5 shock serpents
  Urug (D:13)
  4 thrashing horrors
  2 orc high priests (Orc:2)
  7 hell knights
  3 deep elf knights
  3 soul eaters (Depths:1)
  4 sun demons
  A fire crab (shapeshifter) (Elf:3)
  An iron troll (Depths:3)
  Lodul (D:14)
  33 deep trolls
  5 skeletal warriors
  4 wretched stars
  2 death drakes
  A death drake (shapeshifter) (Vaults:3)
  7 sea snakes
  3 sixfirhies
  A flayed ghost (Depths:3)
  A shadow dragon zombie (Vaults:4)
  5 skysharks
  A sea snake (shapeshifter) (Abyss:4)
  3 naga ritualists
  3 glowing orange brains
  7 wizards
  A harpy (shapeshifter) (Abyss:4)
  Pikel (D:6)
  18 harpies
  10 deep elf archers
  A phantasmal warrior (Abyss:4)
  14 lindwurms
  10 ironbound convokers
  3 necromancers
  9 deep elf pyromancers
  14 orc knights
  13 deep elf zephyrmancers
  A fire giant zombie (D:15)
  6 mana vipers
  13 ugly things
  4 orc sorcerers (Orc:2)
  A shining eye (Abyss:3)
  A frost giant zombie (D:15)
  A wolf spider (shapeshifter) (Vaults:3)
  8 fauns
  A shining eye (shapeshifter) (Depths:3)
  5 toenail golems (Volcano)
  4 cyclopes
  9 manticores
  11 large abominations
  A stone giant zombie (D:15)
  Maurice (Orc:2)
  11 moths of wrath
  11 salamanders
  4 apocalypse crabs
  10 vault sentinels
  A guardian serpent (shapeshifter) (D:15)
  7 merfolk sirens
  Joseph (D:7)
  11 elephants
  2 gargoyles (D:12)
  9 guardian serpents
  2 rust devils
  2 molten gargoyles (Desolation)
  2 torpor snails (Lair:5)
  12 water nymphs
  10 cane toads
  2 orange demons
  15 black mambas
  7 naga magi
  A kobold demonologist (D:13)
  3 smoke demons
  3 unseen horrors (Abyss:1)
  5 rime drakes
  5 komodo dragons
  A freezing wraith (Abyss:4)
  26 yaktaurs
  2 ancient zymes
  3 tengu conjurers
  2 red devils (Depths:2)
  A guardian mummy (D:15)
  12 merfolk
  3 polar bears
  5 hornets
  4 hellwings
  2 meliai (D:14)
  6 wind drakes
  A queen bee (shapeshifter) (D:13)
  4 trolls
  A tengu simulacrum (Vaults:2)
  A wolf spider simulacrum (D:15)
  Grinder (D:6)
  42 saltlings (Desolation)
  16 blink frogs
  12 raiju
  8 dream sheep
  32 slime creatures
  7 snapping turtles
  A flying skull (Abyss:3)
  A centaur simulacrum (D:13)
  17 water elementals
  3 ynoxinuls
  A shadow (D:12)
  A yak (shapeshifter) (Vaults:3)
  A naga simulacrum (Abyss:1)
  62 yaks
  4 wyverns
  A vampire (D:13)
  4 air elementals
  4 fire bats
  3 spriggans
  A knight (Vaults:1)
  2 wraiths
  Eustachio (D:6)
  A basilisk (Lair:4)
  3 fire elementals
  2 hogs (shapeshifter)
  2 redbacks
  A neqoxec (Abyss:3)
  9 humans (D:13)
  4 steam dragons
  10 chaos spawn
  9 vampire mosquitoes
  An ogre zombie (Vaults:2)
  Grum (D:11)
  6 wargs
  8 small abominations
  13 nagas
  12 water moccasins
  Duvessa (D:7)
  2 hell hounds (Abyss:1)
  2 ice beasts
  2 sky beasts (Depths:1)
  25 orc warriors
  A black bear (shapeshifter) (Vaults:1)
  2 boggarts (Vaults:1)
  12 ogres
  13 centaurs
  8 wolves
  A phantom (D:6)
  5 kobold brigands
  4 elf zombies
  An elf skeleton (D:7)
  11 bullfrogs
  5 scorpions
  2 earth elementals (D:14)
  2 gnoll sergeants
  5 wights
  Dowan (D:7)
  14 killer bees
  3 electric eels
  9 howler monkeys
  A centaur zombie (Ossuary)
  2 hounds
  3 quasits
  16 orc priests
  3 jellies
  A gnoll bouda (D:9)
  7 starcursed masses
  2 iron imps (Abyss:2)
  6 human skeletons
  3 hell rats (Lair:3)
  3 iguanas
  3 sleepcaps
  17 orc wizards
  4 lightning spires (Depths:1)
  3 mummies (Ossuary)
  Robin (D:2)
  18 gnolls
  5 adders
  3 river rats (Lair:3)
  2 white imps
  An ufetubus (Vaults:2)
  6 dart slugs
  38 orcs
  3 bats
  A bat zombie (D:15)
  9 endoplasms
  20 goblins
  4 hobgoblins
  6 jackals (D:1)
  18 kobolds
  2 quokkas (D:1)
  6 ball pythons
  A frilled lizard (D:2)
  A gnoll zombie (Ossuary)
  A goblin zombie (Ossuary)
  A kobold zombie (Ossuary)
  2 orc skeletons (D:7)
  4 orc zombies
  11 rats
  A rat zombie (D:15)
  A ball lightning (Depths:1)
  2 starspawn tentacles
  A tentacle (Shoals:4)
1613 creatures vanquished.

Vanquished Creatures (collateral kills)
  An ancient lich (Zot:5)
  An orb of fire (Zot:5)
  A juggernaut (Depths:3)
  Sojobo (Depths:2)
  Vashnia (Snake:4)
  Vv (Depths:3)
  Xtahua (Vaults:3)
  3 Killer Klowns (Zot:5)
  5 golden dragons
  2 bone dragons
  An electric golem (Zot:5)
  A hellephant (Abyss:1)
  8 tentacled monstrosities
  10 Orb Guardians
  Rupert (D:13)
  2 liches
  A quicksilver dragon (Zot:2)
  A walking frostbound tome (Depths:3)
  A kraken (Shoals:4)
  3 tentacled starspawn (Abyss:3)
  8 death cobs
  A sphinx (Depths:3)
  7 storm dragons
  A tengu reaver (Depths:2)
  9 draconian monks
  A daeva (Abyss:3)
  A fire giant (Depths:3)
  A nagaraja (Snake:2)
  A draconian knight (Zot:2)
  An iron dragon (Depths:3)
  4 deep elf sorcerers (Elf:3)
  4 vault wardens
  4 frost giants
  A ghost moth (Zot:5)
  3 draconian scorchers
  2 draconian shifters
  An orc warlord (Orc:1)
  4 draconian stormcallers
  A deep elf elementalist (Elf:3)
  A spriggan defender (Depths:3)
  4 draconian annihilators
  9 very ugly things
  4 stone giants
  An ironbound thunderhulk (Vaults:4)
  Nessos (D:14)
  3 ironbound preservers
  A deep elf demonologist (Elf:3)
  A vampire knight (Depths:3)
  3 black draconians
  4 deep elf annihilators (Elf:3)
  9 green draconians
  6 dire elephants
  8 red draconians
  8 purple draconians
  4 white draconians
  A lorocyproca (Abyss:3)
  4 deep elf death magi (Elf:3)
  3 halazid warlocks (Desolation)
  6 starcursed masses
  A spark wasp (Depths:3)
  5 yellow draconians
  3 ettins
  6 merfolk impalers
  5 ragged hierophants (Desolation)
  A fire dragon (Depths:3)
  3 yaktaur captains
  5 great orbs of eyes
  3 deep elf high priests (Elf:3)
  4 servants of whispers (Desolation)
  2 salamander tyrants (Snake:4)
  2 vault guards (Vaults:4)
  2 ice dragons
  3 merfolk avatars (Shoals:4)
  A hydra (D:13)
  A rakshasa (Abyss:3)
  Erica (Lair:1)
  3 peacekeepers (Desolation)
  4 alligator snapping turtles
  3 spriggan air magi
  2 satyrs
  A boulder beetle (Vaults:2)
  4 anacondas
  7 dancing weapons
  A two-headed ogre (D:9)
  4 ironbound frosthearts
  3 centaur warriors
  6 naga warriors
  3 merfolk aquamancers
  2 thrashing horrors
  A deep troll shaman (Depths:3)
  2 tengu warriors
  A hell hog (Abyss:4)
  3 spriggan berserkers
  8 naga sharpshooters
  2 deep troll earth magi (Depths:2)
  2 orc high priests (Orc:2)
  3 death yaks
  2 deep elf knights
  3 spriggans
  2 soul eaters (Depths:1)
  5 hell knights
  2 skysharks (Shoals:1)
  2 sea snakes
  An iron troll (Depths:4)
  2 skeletal warriors (D:15)
  4 glowing orange brains
  16 deep trolls
  A shadow demon (Depths:2)
  3 wizards
  4 harpies
  5 necromancers
  7 ironbound convokers
  A naga ritualist (Snake:4)
  4 deep elf archers
  8 deep elf pyromancers
  13 ugly things
  9 manticores
  9 deep elf zephyrmancers
  14 orc knights
  5 lindwurms
  2 mana vipers (Snake:4)
  5 salamanders
  2 orc sorcerers (Orc:2)
  A cyclops (Orc:2)
  3 fauns
  A will-o-the-wisp (Abyss:3)
  2 elephants (Lair:4)
  8 moths of wrath
  6 black mambas
  A knight (Zot:2)
  An elephant (shapeshifter) (Depths:3)
  2 molten gargoyles (Desolation)
  3 water nymphs
  5 merfolk sirens
  6 guardian serpents
  12 vault sentinels
  5 naga magi
  An unseen horror (Abyss:3)
  A torpor snail (Lair:4)
  A komodo dragon (Lair:2)
  An efreet (Abyss:3)
  9 yaktaurs
  2 freezing wraiths
  A troll (D:14)
  A tengu conjurer (D:13)
  An ancient zyme (Abyss:3)
  A polar bear (Lair:5)
  A meliai (D:14)
  2 hornets
  26 saltlings (Desolation)
  A wind drake (shapeshifter) (Elf:2)
  2 wind drakes
  5 dream sheep
  2 blink frogs (Lair:5)
  10 merfolk
  3 flying skulls (Abyss:4)
  An ettin skeleton (Vaults:4)
  10 air elementals
  A vampire (D:11)
  18 slime creatures
  12 water elementals
  2 fire elementals
  A basilisk (Lair:5)
  13 yaks
  2 redbacks (Vaults:1)
  5 humans (D:13)
  6 vampire mosquitoes
  2 chaos spawn (Abyss:3)
  Menkaure (D:7)
  16 nagas
  2 water moccasins
  5 sky beasts
  An ice beast (shapeshifter) (D:13)
  11 orc warriors
  An ogre (D:14)
  3 small abominations
  2 wolves
  3 boggarts (Vaults:1)
  2 centaurs
  7 large abominations
  2 elf zombies
  A kobold brigand (D:9)
  3 bullfrogs
  A gnoll sergeant (D:11)
  3 earth elementals
  3 killer bees
  3 electric eels (Depths:1)
  A hound (D:5)
  A quasit (Abyss:1)
  7 orc priests
  A gnoll bouda (D:9)
  6 orc wizards
  A mummy (Ossuary)
  6 gnolls
  2 adders (D:4)
  A river rat (Lair:3)
  2 white imps
  A dart slug (D:4)
  23 orcs
  A goblin (D:4)
  A ball python (D:4)
  2 goblin zombies (Ossuary)
  2 kobolds
  An orc zombie (D:7)
  3 rats (Lair:3)
  A rat zombie (D:15)
  2 tentacles (Shoals:4)
761 creatures vanquished.

Vanquished Creatures (others)
  3 draconian knights
  A deep elf sorcerer (Elf:3)
  2 draconian shifters
  A draconian annihilator (Zot:2)
  A stone giant (Depths:3)
  A green draconian (Zot:2)
  A black draconian (Zot:3)
  A red draconian (Zot:2)
  A yellow draconian (Zot:5)
  3 purple draconians
  A deep elf annihilator (Elf:2)
  A rakshasa (Depths:1)
  A tengu warrior (Depths:2)
  A deep elf knight (Elf:2)
  2 deep elf pyromancers (Elf:2)
  2 deep elf zephyrmancers (Elf:2)
  A manticore (Shoals:1)
  A black mamba (Snake:3)
  4 yaktaurs
  A slime creature (Vaults:2)
  2 humans (D:13)
  53 knights
  An orc (Orc:2)
  5 ball lightnings (Depths:1)
  A demonic plant (Abyss:4)
  4 foxfires (Abyss:3)
  25 fungi
  109 plants
  9 starspawn tentacles
  8 tentacles (Shoals:4)
  10 withered plants
257 creatures vanquished.

Grand Total: 2631 creatures vanquished

Notes
Turn   | Place    | Note
-------+----------+-------------------------------------------
     0 | D:1      | Zeldest the Merfolk Warper began the quest for the Orb.
     0 | D:1      | Reached XP level 1. HP: 16/16 MP: 3/3
    89 | D:1      | Reached XP level 2. HP: 22/23 MP: 5/5
   341 | D:1      | Reached XP level 3. HP: 28/28 MP: 6/6
   798 | D:2      | Found a hazy altar of Hepliaklqana.
   982 | D:2      | Noticed Robin
  1036 | D:2      | Killed Robin
  1037 | D:2      | Reached XP level 4. HP: 22/35 MP: 7/7
  1690 | D:2      | Became a worshipper of Hepliaklqana the Forgotten
  1885 | D:3      | Found a faded altar of an unknown god.
  2405 | D:3      | Reached * piety under Hepliaklqana
  2796 | D:3      | Learned a level 2 spell: Blink
  2860 | D:4      | Noticed a bullfrog
  2871 | D:4      | Killed a bullfrog
  2872 | D:4      | Reached XP level 5. HP: 27/37 MP: 8/8
  3127 | D:4      | Reached skill level 5 in Polearms
  3254 | D:4      | Reached XP level 6. HP: 41/43 MP: 9/9
  3929 | D:5      | Entered Level 5 of the Dungeon
  3976 | D:5      | Reached ** piety under Hepliaklqana
  3977 | D:5      | Remembered your ancestor Gaius as a knight
  4011 | D:5      | Reached XP level 7. HP: 49/49 MP: 10/10
  4251 | D:5      | Found a shimmering blue altar of Sif Muna.
  4319 | D:5      | Noticed a yak
  4319 | D:5      | Noticed a yak
  4321 | D:5      | Noticed a yak
  4321 | D:5      | Noticed a yak
  4323 | D:5      | Noticed a yak
  4327 | D:5      | Noticed a yak
  4332 | D:5      | Killed a yak
  4333 | D:5      | Reached skill level 1 in Invocations
  4340 | D:5      | Killed a yak
  4342 | D:5      | Killed a yak
  4343 | D:5      | Reached XP level 8. HP: 39/54 MP: 11/11
  4345 | D:5      | Killed a yak
  4346 | D:5      | Reached skill level 10 in Polearms
  4348 | D:5      | Killed a yak
  4358 | D:5      | Killed a yak
  4795 | D:6      | Found Gyfir's Jewellery Shoppe.
  4808 | D:6      | Found Poclies's Weapon Shoppe.
  4808 | D:6      | Found Sasip's Magic Scroll Shoppe.
  4810 | D:6      | Noticed Pikel
  4829 | D:6      | Killed Pikel
  4830 | D:6      | Reached skill level 5 in Invocations
  4830 | D:6      | Reached XP level 9. HP: 24/59 MP: 11/13
  4956 | D:6      | Found Ulaon's Antique Armour Shoppe.
  4976 | D:6      | Bought a dazzling ring mail for 162 gold pieces
  4976 | D:6      | Identified the +1 ring mail "Catz" {Dex+4} (You bought it
                  | in a shop on level 6 of the Dungeon)
  4978 | D:6      | Noticed Eustachio
  5012 | D:6      | Killed Eustachio
  5072 | D:6      | Found a bloodstained altar of Trog.
  5288 | D:6      | Noticed Grinder
  5568 | D:6      | Found a shadowy altar of Dithmenos.
  5574 | D:6      | Paralysed by Grinder for 4 turns
  5581 | D:6      | Killed Grinder
  5974 | D:7      | Found a staircase to the Ecumenical Temple.
  5987 | D:7      | Noticed Joseph
  6148 | D:7      | Killed Joseph
  6149 | D:7      | Reached XP level 10. HP: 65/65 MP: 13/16
  6284 | D:7      | Found a sand-covered staircase.
  6291 | Ossuary  | Entered an ossuary
  6563 | D:7      | Reached *** piety under Hepliaklqana
  6579 | D:7      | Noticed Menkaure
  6588 | D:7      | Killed Menkaure
  6764 | D:7      | Noticed Duvessa
  6767 | D:7      | Noticed Dowan
  6776 | D:7      | Killed Duvessa
  6782 | D:7      | Killed Dowan
  7009 | D:7      | Reached skill level 10 in Invocations
  7245 | D:8      | Noticed a two-headed ogre
  7252 | D:8      | Killed a two-headed ogre
  7360 | D:8      | Identified the +1 leather armour of Qewicahe {Regen+}
  7418 | D:8      | Reached skill level 1 in Armour
  7467 | D:8      | Reached **** piety under Hepliaklqana
  7672 | D:8      | Found a sacrificial altar of Ru.
  7672 | D:8      | Found a stormy altar of Qazlal.
  7883 | D:9      | Reached skill level 5 in Fighting
  7886 | D:9      | Reached XP level 11. HP: 71/71 MP: 19/19
  7972 | D:9      | Noticed a tengu warrior
  7991 | D:9      | Killed a tengu warrior
  8345 | D:9      | Noticed a centaur warrior
  8358 | D:9      | Killed a centaur warrior
  8359 | D:9      | Reached skill level 5 in Dodging
  8388 | D:9      | Noticed a two-headed ogre
  8389 | D:9      | Noticed a six-headed hydra
  8403 | D:9      | Killed a two-headed ogre
  8404 | D:9      | Reached skill level 5 in Translocations
  8416 | D:9      | Noticed a two-headed ogre
  8655 | D:9      | Noticed a two-headed ogre
  8665 | D:9      | Killed a two-headed ogre
  8702 | D:9      | Noticed an orc knight
  8735 | D:9      | Killed an orc knight
  8818 | D:9      | Killed a six-headed hydra
  8830 | D:9      | Identified the +9 morningstar "Uzopraosk" {pain, rElec rC+
                  | rCorr}
  9028 | D:9      | Killed a two-headed ogre
  9301 | D:9      | Found a staircase to the Lair.
  9367 | D:9      | Found a staircase to the Orcish Mines.
  9399 | D:9      | Found a broken altar of Ashenzari.
 10017 | D:9      | Identified a scroll of acquirement
 10017 | D:9      | Acquired 433 gold pieces
 10082 | D:10     | Entered Level 10 of the Dungeon
 10146 | D:10     | Noticed a centaur warrior
 10152 | D:10     | Killed a centaur warrior
 10153 | D:10     | Reached XP level 12. HP: 58/81 MP: 20/20
 10312 | D:10     | Noticed a two-headed ogre
 10317 | D:10     | Killed a two-headed ogre
 10477 | D:10     | Found a burning altar of Makhleb.
 10565 | D:6      | Bought a twisted helmet for 171 gold pieces
 10565 | D:6      | Identified the +0 helmet of Lugonu's Hope {Int+3} (You
                  | bought it in a shop on level 6 of the Dungeon)
 10579 | D:6      | Bought a scroll of teleportation for 42 gold pieces
 10579 | D:6      | Bought a scroll of teleportation for 42 gold pieces
 10579 | D:6      | Bought a scroll of teleportation for 42 gold pieces
 10662 | Lair:1   | Entered Level 1 of the Lair of Beasts
 10662 | Lair:1   | Noticed Erica
 10662 | Lair:1   | Reached ***** piety under Hepliaklqana
 10671 | Lair:1   | Killed Erica
 11393 | Lair:1   | You fall into a shaft and drop 1 floor!
 11497 | Lair:2   | Found a dark tunnel.
 11505 | Volcano  | Entered a volcano
 11522 | Volcano  | Reached skill level 5 in Armour
 11689 | Volcano  | Reached skill level 10 in Dodging
 11706 | Volcano  | Reached XP level 13. HP: 74/90 MP: 17/22
 11963 | Lair:2   | Found a staircase to the Snake Pit.
 12453 | Lair:2   | Found a staircase to the Shoals.
 13431 | Lair:3   | Reached skill level 10 in Fighting
 13986 | Lair:4   | Found a transporter.
 14411 | Lair:4   | Noticed cforsyth's ghost (journeyman OpSu)
 15037 | Lair:4   | Identified the +1 pair of boots "Trusted Companion" {rF+}
 15172 | Lair:4   | Reached ****** piety under Hepliaklqana
 15173 | Lair:4   | Found a transporter.
 15369 | Lair:4   | Reached XP level 14. HP: 59/99 MP: 14/24
 15862 | Lair:5   | Entered Level 5 of the Lair of Beasts
 16389 | Lair:4   | Learned a level 4 spell: Manifold Assault
 17771 | Lair:5   | Found a staircase to the Slime Pits.
 17775 | Lair:5   | Found a viscous altar of Jiyva.
 18380 | Orc:1    | Entered Level 1 of the Orcish Mines
 18513 | D:10     | Found a radiant altar of Vehumet.
 18642 | D:10     | Found a blossoming altar of Fedhas.
 19013 | D:11     | Reached XP level 15. HP: 108/108 MP: 25/25
 19950 | D:11     | Noticed Grum
 19964 | D:11     | Killed Grum
 20227 | D:12     | Reached skill level 1 in Poison Magic
 20384 | D:12     | Identified the +11 trident of Wysm {elec, Int+2}
 20730 | D:13     | Noticed Rupert
 20730 | D:13     | Noticed Urug
 20730 | D:13     | Found a gate to the Vaults.
 20740 | D:13     | Paralysed by Rupert for 4 turns
 20741 | D:13     | Killed Rupert
 20742 | D:13     | Reached skill level 5 in Poison Magic
 20743 | D:13     | Killed Urug
 20894 | D:13     | Identified the +3 ring mail "Saugick" {rC+ Dex+3}
 21080 | D:13     | Identified the +1 robe of Peoxziut {rF+ Str+7 Stlth-}
 21602 | D:13     | Got Ryma's Octavo of Generative Transmogrification
 21748 | D:13     | Acquired the ring of Cheibriados's Pride {Fly rElec rN+
                  | MP-9 Dex+2}
 21750 | D:13     | Acquired a manual of Invocations
 21995 | D:14     | Noticed Lodul
 22006 | D:14     | Killed Lodul
 22220 | D:14     | Noticed Snorg
 22231 | D:14     | Killed Snorg
 22491 | D:14     | Noticed Nessos
 22507 | D:14     | Found a basalt altar of Yredelemnul.
 22510 | D:14     | Killed Nessos
 22877 | D:14     | Reached skill level 15 in Invocations
 22981 | D:15     | Entered Level 15 of the Dungeon
 23294 | D:15     | Reached XP level 16. HP: 117/117 MP: 10/27
 23386 | D:15     | Found a staircase to the Depths.
 23607 | D:15     | Found a portal to a secret trove of treasure.
 23779 | D:15     | Found an ancient bone altar of Kikubaaqudgha.
 23895 | D:15     | Found a flickering gateway to a bazaar.
 23904 | Bazaar   | Entered a bazaar
 23906 | Bazaar   | Found Houfik's Assorted Antiques.
 23910 | Bazaar   | Found Xucian's Armour Boutique.
 23910 | Bazaar   | Found Garenk's Weapon Boutique.
 23910 | Bazaar   | Found Furr's Book Boutique.
 23917 | Bazaar   | Bought the Unrestrained Analects for 552 gold pieces
 23937 | Bazaar   | Bought a +1 cloak of preservation for 198 gold pieces
 23956 | Bazaar   | Bought a potion of curing for 87 gold pieces
 23956 | Bazaar   | Bought a potion of cancellation for 232 gold pieces
 23956 | Bazaar   | Bought a diamond ring for 145 gold pieces
 23956 | Bazaar   | Bought a wand of digging (6) for 730 gold pieces
 24027 | D:15     | Reached skill level 1 in Hexes
 24085 | D:15     | Reached skill level 2 in Hexes
 24715 | Snake:1  | Entered Level 1 of the Snake Pit
 24730 | Snake:1  | Reached skill level 10 in Translocations
 25065 | Orc:1    | Learned a level 1 spell: Apportation
 25072 | Orc:1    | Learned a level 6 spell: Dispersal
 25241 | Orc:1    | Reached skill level 3 in Hexes
 25774 | Orc:2    | Entered Level 2 of the Orcish Mines
 26186 | Orc:2    | Found a runed translucent door.
 26186 | Orc:2    | Noticed SingularityParadox's ghost (journeyman DrBe)
 26290 | Orc:2    | Reached skill level 4 in Hexes
 26859 | Orc:2    | Found Rytauwk's Distillery.
 27127 | Orc:2    | Reached skill level 5 in Hexes
 27278 | Orc:2    | Found Vatogua's Distillery.
 27279 | Orc:2    | Found Nyorot's Antique Armour Shop.
 27279 | Orc:2    | Found Ebbor's Armour Shop.
 27344 | Orc:2    | Found a staircase to the Elven Halls.
 27350 | Orc:2    | Noticed Maurice
 27360 | Orc:2    | Killed Maurice
 28170 | Snake:1  | HP: 2/120 [naga sharpshooter/bolt (19)]
 28731 | Snake:2  | Reached skill level 6 in Hexes
 29194 | Snake:2  | Found Vuon's Magic Scroll Shoppe.
 29194 | Snake:2  | Noticed a nagaraja
 29209 | Snake:2  | Killed a nagaraja
 29223 | Snake:2  | Reached skill level 1 in Shields
 29302 | Snake:2  | Found Xeetsuq's Jewellery Shoppe.
 29789 | Snake:2  | Reached XP level 17. HP: 106/126 MP: 28/28
 30054 | Snake:2  | Identified Roxanne's Incunable of the Ground
 30054 | Snake:2  | Noticed Roxanne
 30062 | Snake:2  | Reached skill level 7 in Hexes
 30182 | Snake:2  | Killed Roxanne
 30775 | Snake:3  | Learned a level 8 spell: Discord
 30783 | Snake:3  | Identified the staff of death "Ikacol" {rF+ rN+}
 31786 | Snake:3  | Reached skill level 8 in Hexes
 32398 | Snake:4  | Entered Level 4 of the Snake Pit
 32497 | Snake:4  | Found a flickering gateway to a bazaar.
 32503 | Bazaar   | Entered a bazaar
 32511 | Bazaar   | Found Epeakly's Distillery.
 32526 | Bazaar   | Found Jyidi's Weapon Shoppe.
 32532 | Bazaar   | Found Icitahue's General Store.
 32547 | Bazaar   | Found Kaxecu's Weapon Shop.
 32568 | Bazaar   | Bought a scroll of magic mapping for 105 gold pieces
 32592 | Bazaar   | Bought a potion of heal wounds for 65 gold pieces
 32592 | Bazaar   | Bought a potion of curing for 39 gold pieces
 32592 | Bazaar   | Bought a potion of curing for 39 gold pieces
 32592 | Bazaar   | Bought a potion of haste for 130 gold pieces
 32867 | Snake:4  | Noticed Vashnia
 33246 | Snake:4  | Killed Vashnia
 33247 | Snake:4  | Reached skill level 9 in Hexes
 34346 | Snake:4  | Reached skill level 5 in Shields
 34574 | Snake:4  | Reached skill level 10 in Hexes
 34578 | Snake:4  | Reached XP level 18. HP: 132/132 MP: 16/29
 34617 | Snake:4  | Got a serpentine rune of Zot
 34862 | Shoals:1 | Entered Level 1 of the Shoals
 34878 | Shoals:1 | Found a runed translucent gate.
 34878 | Shoals:1 | Found a runed translucent gate.
 34879 | Shoals:1 | Found a runed translucent gate.
 34879 | Shoals:1 | Noticed Hoelubiu's ghost (adept AtFi)
 36236 | Shoals:2 | Found a runed translucent gate.
 36236 | Shoals:2 | Found a runed translucent gate.
 36245 | Shoals:2 | Found a runed translucent gate.
 36246 | Shoals:2 | Noticed Luutwy's ghost (adept MiBe)
 36246 | Shoals:2 | Noticed Sobbokih's ghost (journeyman FeWn)
 36247 | Shoals:2 | Noticed Mungiw's ghost (adept MiBe)
 36247 | Shoals:2 | Noticed Ceuduph's ghost (adept AtWn)
 36256 | Shoals:2 | Reached skill level 11 in Hexes
 36691 | Shoals:2 | Found Vexilor's General Store.
 38279 | Shoals:3 | Found Ydyu's CLEARANCE SALE!.
 38288 | Shoals:3 | Bought a scroll of amnesia for 12 gold pieces
 38288 | Shoals:3 | Bought a potion of might for 12 gold pieces
 38606 | Shoals:3 | Found Wiphugg's Antique Weapon Shop.
 39016 | Shoals:4 | Entered Level 4 of the Shoals
 39394 | Shoals:4 | Reached skill level 12 in Hexes
 39744 | Shoals:4 | Identified the +1 cloak of Atuxasta {rPois rF+}
 40321 | Shoals:4 | Found Buroumeocy's Magic Scroll Emporium.
 40329 | Shoals:4 | Bought a scroll of enchant weapon for 135 gold pieces
 40329 | Shoals:4 | Bought a scroll of blinking for 135 gold pieces
 40347 | Shoals:4 | Reached XP level 19. HP: 137/137 MP: 30/30
 40441 | Shoals:4 | Identified the +12 chain mail of the Thirteen Servitors
                  | {Str+2 Slay+3}
 41163 | Shoals:4 | Got a barnacled rune of Zot
 41560 | Shoals:4 | Identified the +9 flail of Wyrd {drain, *Slow rF+ rC+
                  | Str+5}
 41833 | Elf:1    | Entered Level 1 of the Elven Halls
 41838 | Elf:1    | Noticed Aizul
 41860 | Orc:2    | Killed Aizul
 42104 | Elf:1    | Paralysed by an air elemental for 1 turns
 42111 | Elf:1    | Found Ifeekk's Antique Armour Shoppe.
 42214 | Elf:1    | Paralysed by an air elemental for 1 turns
 42217 | Elf:1    | Paralysed by an air elemental for 1 turns
 42533 | Elf:1    | Found Eniem's Weapon Boutique.
 42607 | Elf:1    | Found Metrio's Assorted Antiques.
 42765 | Elf:1    | Got the Thoughts on Black Magic
 43083 | Elf:2    | Paralysed by an air elemental for 1 turns
 43087 | Elf:2    | Paralysed by an air elemental for 1 turns
 43161 | Elf:2    | Reached skill level 10 in Shields
 43168 | Elf:2    | Found a runed translucent gate.
 43168 | Elf:2    | Found a runed translucent gate.
 43168 | Elf:2    | Found a runed translucent gate.
 43237 | Elf:2    | Noticed a Hell Sentinel
 43360 | Elf:2    | Got the Commentary on the Familiar
 43475 | Elf:2    | Found a runed translucent gate.
 43476 | Elf:2    | Found a runed translucent gate.
 43477 | Elf:2    | Found a runed translucent gate.
 43477 | Elf:2    | Noticed roninjake's ghost (adept GnCj)
 43612 | Elf:2    | Noticed Jorgrun
 43623 | Elf:2    | Killed Jorgrun
 43742 | Elf:3    | Entered Level 3 of the Elven Halls
 44111 | Elf:3    | Reached XP level 20. HP: 129/144 MP: 24/33
 45161 | Vaults:1 | Entered Level 1 of the Vaults
 45696 | Vaults:1 | Reached skill level 13 in Hexes
 45889 | Vaults:1 | Reached skill level 5 in Spellcasting
 46925 | Vaults:1 | Found Loewa's Armour Shop.
 47306 | Vaults:1 | Bought the +10 plate armour of Free Will {Fly rElec Str+3
                  | Slay+2} for 1129 gold pieces
 47590 | Vaults:2 | Found Bauffeunn's Antique Weapon Boutique.
 47872 | Vaults:2 | Noticed a bone dragon
 48044 | Vaults:2 | Reached skill level 15 in Translocations
 48044 | Vaults:2 | Reached XP level 21. HP: 149/149 MP: 21/35
 48387 | Vaults:2 | Found a staircase to the Crypt.
 48484 | Vaults:2 | Reached skill level 14 in Hexes
 48595 | Vaults:2 | Killed a bone dragon
 48716 | Vaults:2 | Reached skill level 15 in Fighting
 48839 | Vaults:2 | Identified the staff of fire "Urazidghu" {+Blink rF+ rC++
                  | Will+}
 49801 | Vaults:2 | Noticed Xtahua
 49953 | Vaults:2 | Noticed Bai Suzhen
 49997 | Vaults:2 | Killed Bai Suzhen
 50959 | Vaults:3 | Found a crumbling gateway.
 50967 | Desolati | Entered the Desolation of Salt
 51195 | Desolati | Reached skill level 15 in Hexes
 51213 | Desolati | Identified the ring of Daoviph {Wiz Will+ rCorr Str+3}
 51217 | Desolati | Identified the +9 plate armour "Poecila" {rElec rC+ Slay-3
                  | SInv}
 51221 | Desolati | Identified the ring "Lanoc" {Ice Str+4 Int+3}
 51230 | Desolati | Identified the +10 quarterstaff "Yduate" {freeze, rElec
                  | rCorr Dex-5 Stlth+}
 51268 | Desolati | Found the +3 robe of Clouds {*Thunder rCloud rElec}
 51348 | Desolati | Reached skill level 15 in Shields
 51526 | Desolati | Identified the amulet "Seiruin" {RegenMP Dex+4}
 51530 | Desolati | Identified the +8 morningstar of Koenepa {freeze, Will+
                  | Str+3}
 51538 | Desolati | Got Sif Muna's Compilation of Support and Envenoming
 51708 | Desolati | Reached XP level 22. HP: 79/157 MP: 31/36
 52699 | Vaults:3 | Killed Xtahua
 52993 | Vaults:3 | Reached skill level 16 in Hexes
 53153 | Vaults:3 | Found Nor Opnett's General Store.
 53831 | Vaults:4 | Noticed Margery
 53912 | Vaults:4 | Killed Margery
 53929 | Vaults:4 | Noticed Mennas
 53979 | Vaults:4 | Killed Mennas
 54530 | Vaults:4 | Noticed Frederick
 54554 | Vaults:4 | Killed Frederick
 54560 | Vaults:4 | Noticed Donald
 54582 | Vaults:4 | Killed Donald
 54600 | Vaults:4 | Reached XP level 23. HP: 126/162 MP: 37/37
 54825 | Vaults:4 | Identified the +3 robe of Impermeability {Int+9 Dex-4}
 55549 | Elf:3    | Identified the staff of conjuration "Doxiab" {rC+ Will+
                  | Stlth+}
 55685 | Elf:3    | Identified the +2 hand axe "Fogroo" {heavy, rC+ Stlth+}
 55723 | Elf:3    | Reached skill level 17 in Hexes
 55771 | Elf:3    | Learned a level 7 spell: Enfeeble
 55778 | Elf:3    | Identified the +3 mace "Tamesett" {spect, rF+ rC+ Will+}
 55778 | Elf:3    | Identified the +5 ring mail of Emarimep {Int+2}
 55787 | Elf:3    | Identified the +4 broad axe "Gifiuf" {freeze, rElec rC+
                  | rN+}
 56260 | Elf:3    | Acquired the +2 hat of Hiughaz {SInv}
 56400 | Elf:3    | Got the Collected Works on Reformed Topography
 56471 | Elf:3    | Noticed Nikola
 56471 | Elf:3    | Found the +27 heavy crossbow "Sniper" {heavy, Acc+∞ SInv}
 56480 | Elf:3    | Found the +2 shield of Resistance {rF++ rC++ Will++}
 56486 | Elf:3    | Killed Nikola
 56524 | Elf:3    | Learned a level 8 spell: Disjunction
 56532 | Elf:3    | Learned a level 6 spell: Dispersal
 56917 | Depths:1 | Entered Level 1 of the Depths
 56917 | Depths:1 | You are sucked into a shaft and drop 1 floor!
 56934 | Depths:2 | Found a gateway to Hell.
 57027 | Depths:2 | Found a one-way gate leading to the halls of Pandemonium.
 57088 | Depths:2 | Noticed Louise
 57101 | Depths:2 | Found a one-way gate to the infinite horrors of the Abyss.
 57116 | Depths:2 | Killed Louise
 57136 | Depths:2 | Voluntarily entered the Abyss.
 57158 | Depths:2 | Escaped the Abyss
 57160 | Depths:2 | Voluntarily entered the Abyss.
 57211 | Abyss:1  | Paralysed by you for 3 turns
 57820 | Abyss:1  | Paralysed by you for 5 turns
 58056 | Depths:2 | Escaped the Abyss
 58121 | Depths:2 | Voluntarily entered the Abyss.
 58308 | Abyss:2  | Reached skill level 18 in Hexes
 58437 | Abyss:2  | Found a corrupted altar of Lugonu.
 58911 | Abyss:3  | Gained mutation: You occasionally lose the ability to drink
                  | potions when taking damage. [a shining eye]
 58916 | Abyss:3  | Gained mutation: Armour fits poorly on your strangely
                  | shaped body. [a shining eye]
 58942 | Abyss:3  | Found a corrupted altar of Lugonu.
 58987 | Abyss:4  | Lost mutation: Armour fits poorly on your strangely shaped
                  | body. [potion of mutation]
 58987 | Abyss:4  | Lost mutation: You occasionally lose the ability to drink
                  | potions when taking damage. [potion of mutation]
 58987 | Abyss:4  | Gained mutation: You have hidden genetic potential. [potion
                  | of mutation]
 58987 | Abyss:4  | Gained mutation: Your body sometimes deteriorates upon
                  | taking damage. [potion of mutation]
 59037 | Abyss:4  | Reached skill level 15 in Dodging
 59039 | Depths:2 | Escaped the Abyss
 59196 | Depths:2 | Noticed Sojobo
 59205 | Depths:2 | Paralysed by an air elemental for 1 turns
 59216 | Depths:2 | Killed Sojobo
 59217 | Depths:2 | Reached XP level 24. HP: 30/172 MP: 35/37
 59936 | Depths:1 | Found Ypaewuh's General Store.
 60443 | Depths:1 | Found a runed translucent door.
 60539 | Depths:1 | Paralysed by an air elemental for 1 turns
 60610 | Depths:1 | Paralysed by an air elemental for 1 turns
 60620 | Depths:1 | Paralysed by an air elemental for 1 turns
 60631 | Depths:1 | Paralysed by an air elemental for 1 turns
 60639 | Depths:1 | Paralysed by an air elemental for 1 turns
 61690 | Depths:3 | Gained mutation: You are frail. (-10% HP) [a shining eye]
 61984 | Depths:3 | Noticed a juggernaut
 62004 | Depths:3 | Killed a juggernaut
 62144 | Depths:3 | Noticed a juggernaut
 62159 | Depths:3 | Killed a juggernaut
 62179 | Depths:3 | Reached skill level 10 in Armour
 62418 | Depths:3 | Gained mutation: Your flesh is cold resistant. (rC+)
                  | [hidden potential]
 62539 | Depths:4 | Entered Level 4 of the Depths
 62553 | Depths:4 | Reached skill level 19 in Hexes
 62867 | Depths:3 | Noticed Vv
 62868 | Depths:3 | Found a one-way gateway to a ziggurat.
 62880 | Depths:3 | Reached XP level 25. HP: 148/161 MP: 24/37
 62889 | Depths:3 | Killed Vv
 63335 | Depths:3 | Voluntarily entered the Abyss.
 63406 | Abyss:4  | Found a shadowy altar of Dithmenos.
 63417 | Abyss:4  | Found a corrupted altar of Lugonu.
 63690 | Abyss:4  | Got an abyssal rune of Zot
 63693 | Depths:3 | Escaped the Abyss
 64174 | Depths:4 | Found a gate to the Realm of Zot.
 64188 | Depths:4 | Reached skill level 20 in Hexes
 64427 | Depths:4 | Lost mutation: You have hidden genetic potential. [potion
                  | of mutation]
 64427 | Depths:4 | Lost mutation: You are frail. (-10% HP) [potion of
                  | mutation]
 64427 | Depths:4 | Lost mutation: Your flesh is cold resistant. (rC+) [potion
                  | of mutation]
 64427 | Depths:4 | Gained mutation: You are dopey. (Int -2) [potion of
                  | mutation]
 64427 | Depths:4 | Gained mutation: You are robust. (+10% HP) [potion of
                  | mutation]
 64427 | Depths:4 | Gained mutation: You are strong-willed. (Will+) [potion of
                  | mutation]
 64429 | Zot:1    | Entered Level 1 of the Realm of Zot
 64474 | Zot:1    | Lost mutation: You are robust. (+10% HP) [potion of
                  | mutation]
 64474 | Zot:1    | Lost mutation: You are strong-willed. (Will+) [potion of
                  | mutation]
 64474 | Zot:1    | Gained mutation: You have an increased reservoir of magic.
                  | (+10% MP) [potion of mutation]
 64474 | Zot:1    | Gained mutation: You are very dopey. (Int -4) [potion of
                  | mutation]
 64474 | Zot:1    | Gained mutation: You have hidden genetic potential. [potion
                  | of mutation]
 64475 | Zot:1    | Lost mutation: Your body sometimes deteriorates upon taking
                  | damage. [potion of mutation]
 64475 | Zot:1    | Lost mutation: You have hidden genetic potential. [potion
                  | of mutation]
 64475 | Zot:1    | Lost mutation: You have an increased reservoir of magic.
                  | (+10% MP) [potion of mutation]
 64475 | Zot:1    | Gained mutation: You have hidden genetic defects. [potion
                  | of mutation]
 64475 | Zot:1    | Gained mutation: A frigid envelope surrounds you and
                  | freezes all who hurt you. [potion of mutation]
 64476 | Zot:1    | Lost mutation: You have hidden genetic defects. [potion of
                  | mutation]
 64476 | Zot:1    | Lost mutation: You are very dopey. (Int -4) [potion of
                  | mutation]
 64476 | Zot:1    | Gained mutation: You are clumsy. (Dex -2) [potion of
                  | mutation]
 64476 | Zot:1    | Gained mutation: Your flesh is cold resistant. (rC+)
                  | [potion of mutation]
 64476 | Zot:1    | Lost mutation: You are clumsy. (Dex -2) [potion of
                  | mutation]
 65833 | Elf:1    | Bought a potion of heal wounds for 180 gold pieces
 65833 | Elf:1    | Bought a scroll of blinking for 270 gold pieces
 66482 | Zot:1    | Reached skill level 21 in Hexes
 66845 | Zot:1    | Reached XP level 26. HP: 189/189 MP: 37/37
 67693 | Zot:2    | Reached XP level 27. HP: 197/197 MP: 37/37
 68386 | Zot:2    | Noticed Zaeh's ghost (veteran TrTm)
 69786 | Zot:2    | Found a runed translucent gate.
 69786 | Zot:2    | Found a runed translucent gate.
 69786 | Zot:2    | Found a runed translucent gate.
 70289 | Zot:3    | Reached skill level 22 in Hexes
 71231 | Elf:1    | Bought the +5 demon whip "Spellbinder" {antimagic, disrupt,
                  | Will+} for 1652 gold pieces
 71231 | Elf:1    | Found the +5 demon whip "Spellbinder" {antimagic, disrupt,
                  | Will+}
 71704 | Zot:3    | Reached skill level 1 in Maces & Flails
 72097 | Zot:5    | Entered Level 5 of the Realm of Zot
 72714 | Zot:5    | Reached skill level 5 in Maces & Flails
 73950 | Zot:5    | Noticed an orb of fire
 73973 | Zot:5    | Noticed an ancient lich
 73989 | Zot:5    | Killed an orb of fire
 73990 | Zot:5    | Noticed an ancient lich
 74001 | Zot:5    | Killed an ancient lich
 74018 | Zot:5    | Killed an ancient lich
 74026 | Zot:5    | Reached skill level 10 in Maces & Flails
 74217 | Zot:5    | Noticed an ancient lich
 74229 | Zot:5    | Killed an ancient lich
 74279 | Zot:5    | Noticed an orb of fire
 74293 | Zot:5    | Killed an orb of fire
 74301 | Zot:5    | Noticed an orb of fire
 74307 | Zot:5    | Killed an orb of fire
 74320 | Zot:5    | Noticed an orb of fire
 74346 | Zot:5    | Gained mutation: Armour fits poorly on your strangely
                  | shaped body. [an orb of fire]
 74353 | Zot:5    | Killed an orb of fire
 75459 | Zot:5    | Got the Orb of Zot
 75620 | Zot:1    | Noticed Janueha the pandemonium lord
 75634 | Zot:1    | Killed Janueha the pandemonium lord
 76164 | D:$      | Escaped with the Orb!

Illustrated notes

Levels and vault maps discovered:
D:1:      minmay_arrival_stone_box, layout_loops_ring,
          nicolae_concentric_dashed_squares_mild, minmay_misc_feat_encased
D:2:      layout_basic, basic_altar, uniq_robin
D:3:      layout_basic, hellmonk_ecumenical_altar_crossroads
D:4:      layout_cave_pods, minmay_snake_closets
D:5:      layout_loops_corners, nicolae_overflow_crystal_walls,
          grunt_decor_one_mirror
D:6:      minmay_angry_zag, layout_rooms, lemuel_crystal_altar,
          nicolae_dithmenos_shadow_blocks, corexii_checkpoint_b,
          minmay_shop_grid_forest, uniq_pikel, uniq_grinder, uniq_eustachio
D:7:      layout_cave_pools, minmay_temple_entry_proselytizer,
          nicolae_ossuary_entry_catacombs, uniq_duvessa, uniq_menkaure,
          uniq_joseph
D:8:      layout_rooms, gammafunk_temple_overflow_elements,
          hangedman_decor_diamond_cutter
D:9:      minmay_the_grid_3x3 [minmay_the_grid_paths, minmay_the_grid_rooms,
          minmay_the_grid_minigrid_small_alt, minmay_the_grid_zigzag_pyramid,
          minmay_the_grid_armoury, minmay_the_grid_holed_spiral,
          minmay_the_grid_odd_star, minmay_the_grid_tree,
          minmay_the_grid_prize_diamond_cup], layout_layer_cave,
          nicolae_ashenzari_panopticon, orc_0_dummy
D:10:     layout_irregular_city, mainiacjoe_overflow_catwalk,
          kennysheep_little_box, mainiacjoe_overflow_alcove_4
D:11:     layout_basic, uniq_grum
D:12:     layout_small_grid
D:13:     hangedman_cross_stitches, layout_gridville, david_vaults_3,
          minmay_puff
D:14:     minmay_stone_box, layout_loops_ring, yredelemnul_altar_generic,
          uniq_nessos, uniq_snorg, uniq_lodul
D:15:     gammafunk_depths_entry_grave, layout_stronghold, serial_shops,
          bzr_firewalk, nicolae_trove_entry_crossroad,
          lemuel_zombie_altar_kikubaaqudgha
Lair:1:   layout_cave_pods, uniq_erica
Lair:2:   layout_cave_pods, minmay_shoals_entry_lonely_mermaid,
          guppyfry_snake_entry_island, lightli_volcano_entry_magma_tube
Lair:3:   layout_concentric_octagons, kennysheep_abandoned_house
Lair:4:   layout_regular_city, nzn_ghost_randoct, grunt_megastairs_2
Lair:5:   gammafunk_lair_ancient_temple, layout_regular_city,
          minmay_slime_entry_pillars
Shoals:1: layout_shoals, ebering_ghost_rock_garden
Shoals:2: layout_shoals, gammafunk_ghost_cemetery, serial_shops,
          nicolae_shop_competitors_out_of_business
Shoals:3: layout_shoals, serial_shops, shop, nicolae_shoals_square_sea_wall,
          nicolae_shop_clearance
Shoals:4: shoals_end_hangedman, layout_shoals, serial_shops,
          nicolae_lakefront_shop, nicolae_shoals_siren_and_animal_friends
Snake:1:  layout_misc_corridors, nicolae_snake_gridmaze_swirls
Snake:2:  layout_chambers, st_stairs_12, minmay_shop_star, uniq_roxanne
Snake:3:  layout_grid_maze, nrook_guardian_serpent_ordinary, lemuel_fruit_tree
Snake:4:  snake_pit_salamanders_mu, layout_cave_town, serial_shops,
          bzr_entry_safe, grunt_ministairs_13, uniq_vashnia
Orc:1:    cheibrodos_orc_arena, layout_diamond_mine
Orc:2:    st_orc_elflike, layout_diamond_mine, gammafunk_ghost_grave,
          guppyfry_orc_lava_fort, uniq_maurice
Elf:1:    kennysheep_spiral_hall, layout_loops_cross, serial_shops, shop,
          nicolae_shop_stone, shop, minmay_elf_necromancy, nrook_loot_triangle,
          statue_in_the_mist_lemuel, nicolae_elf_variegated_diamond, uniq_aizul
Elf:2:    elven_hall_of_blades_hangedman_original [nooodl_blade_entry_preview],
          layout_rooms, gammafunk_ghost_tricky_traps, minmay_elf_demonology,
          uniq_jorgrun
Elf:3:    minmay_elf_hall_spiked, layout_geoelf_castle, uniq_nikola
Vaults:1: nicolae_vaults_ring_of_whatevers, nicolae_vaults_little_squares_4,
          grunt_vaults_hallway_short, v_misc_27, v_pattern_5, st_more_cells,
          v_misc_2, v_misc_8, vaults_mumra_chevron, nicolae_vaults_angled_halls,
          vaults_standard_mumra_x, hangedman_vaults_maws,
          nicolae_vaults_little_squares_3, nicolae_vaults_diagonal_hallway_8,
          v_misc_22, v_alt_pattern_4, layout_vaults_maze, serial_shops,
          nicolae_shop_trees
Vaults:2: nicolae_vaults_alarming, hangedman_vaults_impose, v_alt_pattern_4,
          ontoclasm_vaults_misaligned, nicolae_vaults_bisected_exclaves,
          vaults_mumra_hex, minmay_crypt_entry_nasty_monster, v_rooms_2,
          vaults_room_pools, vaults_mumra_minichess_inversion, v_misc_3,
          nicolae_vaults_display_case, vaults_room_semicircle, serial_ice_b,
          ontoclasm_vaults_loading_screen, nicolae_vaults_little_squares_4,
          layout_vaults_big_cross, serial_shops, nicolae_shop_stone,
          uniq_bai_suzhen, uniq_xtahua
Vaults:3: portal_desolation_entry_garden, vaults_room_ringed_pool,
          vaults_dpeg_diagonal, v_misc_14, dpeg_vaults_waves, vaults_room_pools,
          nicolae_vaults_twisting_passages,
          nicolae_vaults_windows_and_doors_thing,
          nicolae_vaults_ring_of_whatevers, hangedman_vaults_maws,
          nicolae_vaults_mini_display_case, ontoclasm_vaults_ring_small,
          v_misc_5, vaults_room_mumra_shop_pool, nicolae_vaults_little_ls,
          layout_vaults_omnibox
Vaults:4: v_misc_33, v_misc_30, dpeg_vaults_monster_row, v_rooms_3,
          serial_ice_h, vaults_dpeg_encased_lava, layout_vaults_omnigrid,
          uniq_donald, uniq_frederick, uniq_mennas, uniq_margery
Depths:1: layout_cave_shapes, amcnicky_mini_rare_corridor_liquid, hellmouth_3,
          serial_shops, nicolae_diamond_shop, roderic_lattice_a,
          hangedman_aerie_drop
Depths:2: hellmonk_ruined_rings, layout_cave_pools, minmay_crystal_water,
          nicolae_abyss_entry_one_way_or_another, rand_demon_pan_entry_8,
          hell_entry, infiniplex_staircase_door_maze, uniq_sojobo
Depths:3: nzn_winding_woodlands_huge [nzn_winding_woodlands_5x15_eye,
          nzn_winding_woodlands_5x15_sidewinder,
          nzn_winding_woodlands_5x15_parted, nzn_winding_woodlands_5x15_cabin,
          nzn_winding_woodlands_5x15_pockets,
          nzn_winding_woodlands_5x15_lazy_stream,
          nzn_winding_woodlands_5x15_split_checker,
          nzn_winding_woodlands_5x15_sawtooth,
          nzn_winding_woodlands_5x15_zeroes, nzn_winding_woodlands_5x15_garden,
          nzn_winding_woodlands_center_triple_pond,
          nzn_winding_woodlands_center_diamonds,
          nzn_winding_woodlands_15x15_thick_spiral], layout_honeycomb,
          enter_ziggurat_b, pf_coc_iceberg, abyss_entry, uniq_vv
Depths:4: evilmike_zot_entry_diamond, layout_cave_pools, hell_entry
Zot:1:    nicolae_moth_party, layout_cathedral_of_symmetry
Zot:2:    lemuel_draconian_sentries, layout_basic, gammafunk_ghost_split
Zot:3:    layout_misc_corridors
Zot:4:    layout_gridlike, grunt_ministairs_6, st_stairs_4,
          hangedman_feature_mirror
Zot:5:    layout_basic

Skill      XL: |  1  2  3  4  5  6  7  8  9 10 11 12 13 14 15 16 17 18 19 20 21 22 23 24 25 26 27 |
---------------+----------------------------------------------------------------------------------+-----
Polearms       | 3 4 5 7 9 12 14 | 14.0
Fighting       | 3 4 5 7 9 10 12 13 14 15 16 17 18 20 | 20.0
Translocations | 3 4 6 8 9 11 12 14 15 16 17 18 | 18.1
Invocations    | 3 5 8 11 12 13 14 15 19 20 | 20.4
Armour         | 1 4 5 6 7 8 9 10 12 | 12.1
Dodging        | 3 7 10 11 13 15 16 17 | 17.9
Spellcasting   | 4 5 8 |  8.0
Poison Magic   | 7 |  7.3
Hexes          | 6 10 12 13 15 16 18 19 21 22 | 22.0
Shields        | 1 5 7 11 12 15 18 | 18.7
Maces & Flails | 12 | 12.0
Throwing       | |  1.0

Action                     |  1- 3 |  4- 6 |  7- 9 | 10-12 | 13-15 | 16-18 | 19-21 | 22-24 | 25-27 || total
---------------------------+-------+-------+-------+-------+-------+-------+-------+-------+-------++-------
  Melee: Spear             |   150 |   199 |       |       |       |       |       |       |       ||   349
         Punch             |       |     2 |     2 |     2 |    13 |     5 |       |       |       ||    24
         Demon trident     |       |    37 |   123 |   554 |   815 |  1591 |  1807 |  2003 |  1580 ||  8510
         Unarmed           |       |       |     6 |       |       |       |       |       |       ||     6
         Tailslap          |       |       |       |       |     7 |    34 |    14 |       |       ||    55
         Trident           |       |       |       |       |   312 |   294 |       |       |       ||   606
         Trishula          |       |       |       |       |       |       |       |     8 |   108 ||   116
         Demon whip        |       |       |       |       |       |       |       |       |    81 ||    81
  Throw: Boomerang         |       |     1 |       |     3 |       |       |       |       |       ||     4
   Cast: Manifold Assault  |       |       |       |       |     9 |    15 |    10 |     7 |       ||    41
         Dispersal         |       |       |       |       |       |       |     1 |     1 |       ||     2
         Enfeeble          |       |       |       |       |       |       |       |     4 |    65 ||    69
         Discord           |       |       |       |       |       |       |       |       |     6 ||     6
 Invoke: Recall Ancestor   |       |     1 |     3 |     3 |    13 |    29 |    10 |    24 |    28 ||   111
         Ancestor Life: Kn |       |     1 |       |       |       |       |       |       |       ||     1
         Idealise          |       |       |       |     1 |    11 |    18 |    17 |     7 |     5 ||    59
         Transference      |       |       |       |       |       |       |       |     1 |       ||     1
  Evoke: Wand              |       |     2 |     5 |     7 |     7 |     3 |     3 |     3 |    20 ||    50
         Condenser vane    |       |       |       |       |     3 |     2 |       |     3 |       ||     8
         Phial of floods   |       |       |       |       |       |       |       |     3 |       ||     3
    Use: Scroll            |     2 |       |    10 |    14 |    20 |    10 |     6 |    10 |     9 ||    81
         Potion            |     1 |       |     1 |       |     5 |     4 |     4 |     4 |    13 ||    32
   Stab: Sleeping          |     2 |     3 |       |     1 |       |     7 |       |       |       ||    13
         Distracted        |       |     1 |     1 |     3 |     7 |    19 |    25 |    35 |    34 ||   125
         Invisible         |       |       |     3 |     3 |     9 |     2 |       |     3 |    26 ||    46
         Confused          |       |       |       |       |     8 |     1 |     2 |     1 |       ||    12
         Paralysed         |       |       |       |       |       |       |       |     1 |       ||     1
 Armour: Leather armour    |    29 |     1 |       |    33 |    68 |   128 |       |       |       ||   259
         Skin              |       |     3 |       |       |       |       |       |       |       ||     3
         Scale mail        |       |    26 |     7 |       |       |       |       |       |       ||    33
         Ring mail         |       |       |    15 |     6 |    36 |    57 |    17 |       |       ||   131
         Chain mail        |       |       |       |       |    55 |       |   162 |       |       ||   217
         Plate armour      |       |       |       |       |       |       |   226 |   361 |   339 ||   926
  Dodge: Dodged            |    71 |    90 |    37 |   194 |   395 |   641 |   308 |   298 |   348 ||  2382
  Block: Orb               |       |       |       |    35 |       |       |       |       |       ||    35
         Reflection        |       |       |       |     3 |       |    60 |    68 |    45 |    12 ||   188
         Kite shield       |       |       |       |       |       |   590 |   761 |   906 |   809 ||  3066

Table legend: (Time is in decaauts)
 A = Elapsed time spent in this place.
 B = Non-inter-level travel time spent in this place.
 C = Inter-level travel time spent in this place.
 D = Time resting spent in this place.
 E = Time spent auto-exploring this place.
 F = Levels seen in this place.
 G = Mean time per level.
                   A        B        C        D        E       F      G
               +--------+--------+--------+--------+--------+-----+--------+
         Total |  72347 |  64922 |   7425 |  23154 |  24083 |  58 | 1247.4 |
       Dungeon |  18368 |  15290 |   3078 |   3879 |   8254 |  15 | 1224.5 |
          Lair |   7378 |   6521 |    857 |   2380 |   2856 |   5 | 1475.6 |
        Shoals |   5818 |   5694 |    124 |   2856 |   1404 |   4 | 1454.5 |
     Snake Pit |   6849 |   6550 |    299 |   2683 |   2432 |   4 | 1712.2 |
  Orcish Mines |   3405 |   2508 |    897 |    948 |    951 |   2 | 1702.5 |
   Elven Halls |   4127 |   3706 |    421 |   1059 |   1474 |   3 | 1375.7 |
        Vaults |   7888 |   7172 |    716 |   2110 |   2948 |   4 | 1972.0 |
        Depths |   5529 |   4871 |    658 |   1585 |   1819 |   4 | 1382.2 |
           Zot |   9116 |   8744 |    372 |   4518 |   1071 |   5 | 1823.2 |
         Abyss |   1958 |   1958 |      0 |    617 |    339 |   7 |  279.7 |
        Bazaar |    183 |    183 |      0 |      0 |     46 |   2 |   91.5 |
       Ossuary |    199 |    199 |      0 |     24 |    102 |   1 |  199.0 |
       Volcano |    347 |    347 |      0 |     38 |    135 |   1 |  347.0 |
    Desolation |   1177 |   1177 |      0 |    454 |    250 |   1 | 1177.0 |
               +--------+--------+--------+--------+--------+-----+--------+

Top non-repeatable levels by time:
   Zot:1: 2972 daAuts
     D:9: 2956 daAuts
   Zot:5: 2879 daAuts
Vaults:1: 2801 daAuts
  Lair:4: 2292 daAuts
   Elf:3: 2199 daAuts
   Orc:2: 2181 daAuts
Depths:3: 2055 daAuts
 Snake:4: 1993 daAuts
Vaults:2: 1992 daAuts
   Zot:2: 1942 daAuts
 Snake:2: 1858 daAuts
 Snake:3: 1797 daAuts
Shoals:4: 1773 daAuts
Vaults:3: 1718 daAuts
